 Dungeon Crawl Stone Soup version 0.29-a0-392-g297d3b089c (webtiles) character file.

Game seed: 11550798085476739277

18223 Sabo the Spear-Bearer (level 12, 0/91 HPs)
             Began as a Demonspawn Gladiator on May 7, 2022.
             Was a Priest of Makhleb.
             Slain by a 20-headed hydra (3 damage)
             ... on level 3 of the Lair of Beasts on May 8, 2022.
             The game lasted 01:36:49 (14491 turns).

Sabo the Spear-Bearer (Demonspawn Gladiator)       Turns: 14491, Time: 01:36:49

Health: 0/91       AC: 28    Str: 24    XL:     12   Next: 25%
Magic:  12/12      EV: 12    Int: 10    God:    Makhleb [***...]
Gold:   497        SH: 13    Dex: 11    Spells: 11/11 levels left

rFire   x . .      SeeInvis .   h - +2 glaive (spect)
rCold   + . .      Faith    .   (shield currently unavailable)
rNeg    + . .      Spirit   .   B - +11 scale mail of Apathy {rElec rF- rCorr Dex-4}
rPois   .          Reflect  +   x - +2 hat {Stlth+}
rElec   +          Harm     .   E - +2 cloak
rCorr   +          Rampage  .   (no gloves)
Will    .....                   (no boots)
Stlth   ++........              k - amulet of reflection
HPRegen 0.25/turn               n - +4 ring of protection
MPRegen 0.13/turn               c - ring of the Cockatrice {rC+ rN+ Str+5}

@: no status effects
A: hooves 2, large bone plates 1, condensation shield
a: Renounce Religion, Minor Destruction, Lesser Servant of Makhleb


You were on level 3 of the Lair of Beasts.
You worshipped Makhleb.
Makhleb was most pleased with you.
You visited 2 branches of the dungeon, and saw 12 of its levels.
You also visited: Sewer and Bailey.

You collected 776 gold pieces.
You spent 279 gold pieces at shops.

Inventory:

Hand Weapons
 a - a +4 battleaxe of freezing
 h - a +2 spectral glaive (weapon)
 r - a +1 vorpal hand axe
 A - a +0 shortbow
 D - a +1 hunting sling of flaming
 F - a +4 mace
 K - a +1 demon whip of venom
Missiles
 d - 4 throwing nets
 e - 6 javelins
 m - 4 boomerangs
 u - 20 poisoned darts (quivered)
Armour
 w - a +1 scale mail of cold resistance
 x - a +2 hat of stealth (worn)
 B - the +11 scale mail of Apathy (worn) {rElec rF- rCorr Dex-4}
   (You bought it in a shop on level 7 of the Dungeon)

   Dex:       It affects your dexterity (-4).
   rF:        It makes you vulnerable to fire.
   rElec:     It insulates you from electricity.
   rCorr:     It protects you from acid and corrosion.
 E - a +2 cloak (worn)
 N - the +2 leather armour "Wuoqur" {rCorr Dex+4 Slay-2 SInv}
   (You found it on level 2 of the Lair of Beasts)

   Dex:       It affects your dexterity (+4).
   Slay:      It affects your accuracy & damage with ranged weapons and melee
   (-2).
   SInv:      It lets you see invisible.
   rCorr:     It protects you from acid and corrosion.
Jewellery
 c - the ring of the Cockatrice (right hand) {rC+ rN+ Str+5}
   (You acquired it in a bailey)

   [ring of positive energy]

   Str:       It affects your strength (+5).
   rC:        It protects you from cold.
   rN:        It protects you from negative energy.
 k - an amulet of reflection (around neck)
 n - a +4 ring of protection (left hand)
 J - a ring of poison resistance
 M - a +4 ring of evasion
 O - a ring of flight
Wands
 l - a wand of digging (10)
 p - a wand of iceblast (16)
 z - a wand of acid (5)
 C - a wand of flame (17)
Scrolls
 f - 3 scrolls of fear
 j - 3 scrolls of fog
 t - a scroll of brand weapon
 y - 2 scrolls of blinking
 H - 2 scrolls of poison
Potions
 b - 3 potions of mutation
 g - a potion of magic {unknown}
 i - 2 potions of invisibility
 o - 3 potions of haste {unknown}
 s - 2 potions of curing {unknown}
 v - a potion of cancellation
 G - 2 potions of might {unknown}
 I - a potion of brilliance {unknown}
 L - a potion of berserk rage {unknown}


   Skills:
 + Level 7.3 Fighting
 + Level 2.8(8.2) Axes
 + Level 12.0(12.2) Polearms
 + Level 1.9 Throwing
 + Level 8.4 Armour
 + Level 5.4 Dodging
 + Level 4.7 Stealth
 + Level 6.9 Shields


You had 11 spell levels left.
You didn't know any spells.
Your spell library contained the following spells:

 Spells                   Type           Power      Damage    Failure   Level
 Beastly Appendage        Tmut           0%         N/A       63%         1
 Freeze                   Ice            0%         1d3       63%         1
 Sandblast                Erth           0%         2d4       63%         1
 Summon Small Mammal      Summ           0%         N/A       63%         1
 Passwall                 Tmut/Erth      0%         N/A       77%         2
 Wereblood                Tmut           0%         N/A       77%         2
 Call Canine Familiar     Summ           0%         N/A       94%         3
 Confusing Touch          Hex            0%         N/A       94%         3
 Conjure Flame            Conj/Fire      0%         6-21      94%         3
 Frozen Ramparts          Ice            0%         1d2       94%         3
 Ignite Poison            Fire/Tmut/Pois 0%         N/A       94%         3
 Spider Form              Tmut/Pois      0%         N/A       94%         3
 Stone Arrow              Conj/Erth      0%         3d7       94%         3
 Summon Guardian Golem    Hex/Summ       0%         N/A       94%         3
 Hailstorm                Conj/Ice       0%         3d3       100%        4
 Leda's Liquefaction      Hex/Erth       0%         N/A       100%        4
 Sticky Flame             Conj/Fire      0%         2d3       100%        4
 Summon Ice Beast         Ice/Summ       0%         N/A       100%        4
 Iskenderun's Battlesphe  Conj           0%         2d6       100%        5
 Lee's Rapid Deconstruct  Erth           0%         3d5*      100%        5
 Summon Mana Viper        Hex/Summ       0%         N/A       100%        5
 Yara's Violent Unravell  Hex/Tmut       0%         3d3       100%        5
 Iron Shot                Conj/Erth      0%         9d1       100%        6
 Statue Form              Tmut/Erth      0%         N/A       100%        6
 Enfeeble                 Hex            0%         N/A       100%        7
 Monstrous Menagerie      Summ           0%         N/A       100%        7
 Spellforged Servitor     Conj/Summ      0%         N/A       100%        7


Dungeon Overview and Level Annotations

Branches:
Dungeon (9/15)             Temple (0/1) D:7            Lair (3/6) D:9
  Swamp (0/4) Lair:2        Sewer (visited)          Bailey (visited)
  Snake: Lair:2-4    Spider: Lair:2-4       Orc: D:9-12

Altars:
Ashenzari
Cheibriados
Dithmenos
Makhleb
Sif Muna
Vehumet

Shops:
D:1 =   D:7 [

Annotations:
D:1 1 exclusion


Innate Abilities, Weirdness & Mutations

You have hoof-like feet.
You are partially covered in large bone plates. (SH +4)
A meltable shield of frost defends you. (SH +4)


Message History

You block the 20-headed hydra's attack. The 20-headed hydra barely misses you.
The 20-headed hydra bites you but does no damage.
The 20-headed hydra bites you!
* * * LOW HITPOINT WARNING * * *
The 20-headed hydra barely misses you.
The 20-headed hydra bites you but does no damage. x3
The 20-headed hydra bites you!
* * * LOW HITPOINT WARNING * * *
The 20-headed hydra bites you but does no damage.
The 20-headed hydra barely misses you.
The 20-headed hydra bites you but does no damage.
The 20-headed hydra barely misses you.
The 20-headed hydra bites you but does no damage.
The 20-headed hydra bites you.
* * * LOW HITPOINT WARNING * * *
The 20-headed hydra bites you!
* * * LOW HITPOINT WARNING * * *
You feel much better.
The 20-headed hydra bites you but does no damage.
You block the 20-headed hydra's attack.
The 20-headed hydra bites you but does no damage. x2
You block the 20-headed hydra's attack. x2; The 20-headed hydra bites you.
* * * LOW HITPOINT WARNING * * *
The 20-headed hydra bites you but does no damage.
You block the 20-headed hydra's attack. The 20-headed hydra barely misses you.
The 20-headed hydra misses you.
The 20-headed hydra bites you but does no damage. x3
You block the 20-headed hydra's attack. The 20-headed hydra bites you!
* * * LOW HITPOINT WARNING * * *
The 20-headed hydra closely misses you. The 20-headed hydra misses you.
The 20-headed hydra bites you!
* * * LOW HITPOINT WARNING * * *
The 20-headed hydra bites you but does no damage.
Unknown command.
You block the 20-headed hydra's attack. The 20-headed hydra barely misses you.
The 20-headed hydra bites you but does no damage.
You block the 20-headed hydra's attack.
The 20-headed hydra bites you but does no damage.
The 20-headed hydra bites you.
You die...

.....................# ##....(
..........<..........### #......
.......................# #......
.......................# #......
.......................####.....#
..............#............#.....
.............#..................÷
..............§.D...............†
.......@................
.#...§..................
........................
.P......................
........................
........................
....#...................
...............P.#......
..P#......


You could see a 20-headed hydra.

Vanquished Creatures
  Gastronok (D:8)
  A hydra (Lair:3)
  An orc high priest (Bailey)
  Amaemon (Lair:3)
  The ghost of sammy202020 the Fighter, a novice DsBe of Trog (D:8)
  An orc knight (Bailey)
  An ugly thing (D:9)
  A manticore (D:9)
  An elephant (D:9)
  Joseph (D:7)
  8 cane toads
  An orange demon (Lair:3)
  An unseen horror (D:7)
  Psyche (D:8)
  5 komodo dragons
  A kobold demonologist (Bailey)
  A polar bear (Lair:2)
  2 tyrant leeches (Lair:2)
  Prince Ribbit (D:8)
  3 blink frogs (Lair:2)
  Sigmund (D:3)
  2 wyverns
  5 basilisks
  Eustachio (D:4)
  5 yaks (D:9)
  A steam dragon (D:7)
  A swamp worm (Lair:2)
  4 water moccasins
  Pargi (Sewer)
  11 orc warriors
  2 ice beasts
  A sky beast (D:6)
  A centaur (D:7)
  A phantom (D:5)
  2 kobold brigands
  8 bullfrogs
  3 necrophages
  2 gnoll sergeants
  2 scorpions
  8 wights
  5 killer bees (D:8)
  7 electric eels
  3 howler monkeys (D:7)
  A crimson imp (D:7)
  4 hounds
  A jelly (D:7)
  6 orc priests
  4 iguanas
  An orc wizard (D:7)
  14 gnolls
  2 river rats (D:5)
  11 adders
  A shadow imp (D:6)
  2 white imps
  3 worms (D:5)
  A dart slug (D:4)
  23 orcs
  7 ball pythons
  3 endoplasms
  2 giant cockroaches
  11 hobgoblins
  2 jackals (D:1)
  8 quokkas
  9 bats
  8 frilled lizards
  12 goblins
  17 kobolds
  2 rats
266 creatures vanquished.

Vanquished Creatures (others)
  A fungus (Lair:3)
  9 plants
10 creatures vanquished.

Grand Total: 276 creatures vanquished

Notes
Turn   | Place    | Note
-------+----------+-------------------------------------------
     0 | D:1      | Sabo the Demonspawn Gladiator began the quest for the Orb.
     0 | D:1      | Reached XP level 1. HP: 16/16 MP: 1/1
   590 | D:1      | Gained mutation: You are partially covered in large bone
                  | plates. (SH +4) [demonic ancestry]
   590 | D:1      | Reached XP level 2. HP: 22/22 MP: 2/2
   872 | D:1      | Reached XP level 3. HP: 28/28 MP: 3/3
   877 | D:1      | Reached skill level 1 in Polearms
   996 | D:1      | Found Vebboywk's Jewellery Boutique.
  1241 | D:2      | Reached skill level 1 in Armour
  1390 | D:2      | Found a faded altar of an unknown god.
  1395 | D:2      | Reached skill level 1 in Stealth
  1882 | D:2      | Reached XP level 4. HP: 34/34 MP: 4/4
  2330 | D:3      | Noticed Sigmund
  2339 | D:3      | Killed Sigmund
  2340 | D:3      | Reached skill level 3 in Polearms
  2340 | D:3      | Reached skill level 1 in Shields
  2340 | D:3      | Reached XP level 5. HP: 39/39 MP: 5/5
  2737 | D:3      | Gained mutation: You have large cloven feet. [demonic
                  | ancestry]
  2737 | D:3      | Reached XP level 6. HP: 46/46 MP: 6/6
  3838 | D:4      | Noticed Eustachio
  3853 | D:4      | Killed Eustachio
  3854 | D:4      | Reached skill level 4 in Polearms
  3854 | D:4      | Reached XP level 7. HP: 39/52 MP: 7/7
  4051 | D:4      | Identified the +0 leather armour of Sloth {Regen+}
  4060 | D:4      | Found a burning altar of Makhleb.
  4084 | D:4      | Found a shimmering blue altar of Sif Muna.
  4100 | D:4      | Became a worshipper of Makhleb the Destroyer
  4602 | D:5      | Entered Level 5 of the Dungeon
  4754 | D:5      | Reached skill level 5 in Polearms
  4795 | D:5      | Found a glowing drain.
  4799 | Sewer    | Entered a sewer
  4842 | Sewer    | Noticed Pargi
  4845 | Sewer    | Killed Pargi
  5042 | D:5      | Gained mutation: You have hoof-like feet. [demonic
                  | ancestry]
  5042 | D:5      | Reached XP level 8. HP: 55/60 MP: 8/8
  5845 | D:6      | Reached skill level 6 in Polearms
  6276 | D:6      | Reached * piety under Makhleb
  6446 | D:6      | Found a radiant altar of Vehumet.
  6446 | D:6      | Found a faded altar of an unknown god.
  6454 | D:6      | Found a broken altar of Ashenzari.
  6457 | D:6      | Found a faded altar of an unknown god.
  6459 | D:6      | Found a snail-covered altar of Cheibriados.
  6688 | D:7      | Reached XP level 9. HP: 34/66 MP: 9/9
  6691 | D:7      | Reached skill level 7 in Polearms
  6913 | D:7      | Found a shadowy altar of Dithmenos.
  7305 | D:7      | Found Aklybb's Antique Armour Emporium.
  7315 | D:7      | Bought a warped scale mail for 279 gold pieces
  7315 | D:7      | Identified the +11 scale mail of Apathy {rElec rF- rCorr
                  | Dex-4} (You bought it in a shop on level 7 of the Dungeon)
  7547 | D:7      | Noticed Joseph
  7561 | D:7      | Killed Joseph
  7562 | D:7      | Reached skill level 5 in Armour
  7804 | D:7      | Reached ** piety under Makhleb
  7946 | D:7      | Found a staircase to the Ecumenical Temple.
  7996 | D:7      | Killed an unseen horror
  7997 | D:7      | Reached skill level 5 in Fighting
  7997 | D:7      | Reached skill level 8 in Polearms
  8197 | D:8      | Noticed Psyche
  8202 | D:8      | Killed Psyche
  8223 | D:8      | Noticed Prince Ribbit
  8228 | D:8      | Killed Prince Ribbit
  8249 | D:8      | Noticed Gastronok
  8256 | D:8      | Killed Gastronok
  8257 | D:8      | Gained mutation: A meltable shield of frost defends you.
                  | (SH +4) [demonic ancestry]
  8257 | D:8      | Reached XP level 10. HP: 28/74 MP: 10/10
  8528 | D:8      | Found a flagged portal.
  8544 | Bailey   | Entered a bailey
  8579 | Bailey   | Reached skill level 9 in Polearms
  9031 | Bailey   | Acquired the ring of the Cockatrice {rC+ rN+ Str+5}
  9117 | Bailey   | Found an iron altar of Okawaru.
  9119 | Bailey   | Noticed an orc knight
  9119 | Bailey   | Noticed an orc high priest
  9153 | Bailey   | Killed an orc knight
  9154 | Bailey   | Reached skill level 5 in Shields
  9158 | Bailey   | Killed an orc high priest
  9420 | Bailey   | Reached skill level 10 in Polearms
  9862 | D:8      | Noticed sammy202020's ghost (novice DsBe)
  9864 | D:8      | Found a transporter.
  9869 | D:8      | Found a transporter.
 10266 | D:8      | Upgraded the game from 0.29-a0-384-g6960b1960d to
                  | 0.29-a0-392-g297d3b089c
 10297 | D:8      | Reached *** piety under Makhleb
 10369 | D:8      | Killed sammy202020's ghost
 10370 | D:8      | Reached XP level 11. HP: 67/81 MP: 11/11
 10650 | D:9      | Noticed a brown ugly thing
 10660 | D:9      | Killed a brown ugly thing
 10808 | D:9      | Found a staircase to the Lair.
 11271 | D:9      | Reached skill level 5 in Dodging
 11698 | Lair:1   | Entered Level 1 of the Lair of Beasts
 12026 | Lair:1   | Reached skill level 11 in Polearms
 12555 | Lair:1   | You fall into a shaft and drop 1 floor!
 13285 | Lair:2   | Identified the +2 leather armour "Wuoqur" {rCorr Dex+4
                  | Slay-2 SInv}
 13450 | Lair:2   | Found a staircase to the Swamp.
 13766 | Lair:2   | Reached XP level 12. HP: 91/91 MP: 12/12
 14063 | Lair:3   | Noticed Amaemon
 14082 | Lair:3   | Killed Amaemon
 14246 | Lair:3   | Noticed a four-headed hydra
 14251 | Lair:3   | Noticed a five-headed hydra
 14256 | Lair:3   | Killed a ten-headed hydra
 14257 | Lair:3   | Reached skill level 12 in Polearms
 14490 | Lair:3   | HP: 3/91 [20-headed hydra (9)]
 14491 | Lair:3   | Slain by a 20-headed hydra

Illustrated notes

Levels and vault maps discovered:
D:1:      scummos_arrival_simple_fountains, layout_loops_ring, serial_shops,
          nicolae_shop_advertising_works [nicolae_subvault_shop_adworks]
D:2:      layout_basic, nicolae_ecumenical_oubliette
D:3:      minmay_angry_zag, layout_loops_cross, uniq_sigmund
D:4:      layout_basic, mainiacjoe_overflow_big_doors, nrook_mini_vaults,
          uniq_eustachio
D:5:      layout_loops_ring, gup_sewer_entry_spiral, guppyfry_early_lair_pool
D:6:      layout_basic, chequers_temple_overflow_minitemple,
          minmay_misc_feat_five
D:7:      layout_loops_corners, nicolae_overflow_crystal_walls,
          minmay_temple_entry_enclosed_plants, serial_shops, shop,
          minmay_fire_ice_demons, uniq_joseph
D:8:      layout_basic, enter_bailey_3, gammafunk_ghost_hive,
          corexii_checkpoint_b, columned_hall_lemuel, interstate_on_off,
          grunt_decor_clamped, uniq_psyche, uniq_gastronok, uniq_prince_ribbit1
D:9:      layout_gridville, david_lair_generic, grunt_decor_cap
Lair:1:   layout_gridlike, lemuel_fruit_fields, serial_bayou_shore_a
Lair:2:   layout_cave_pods, minmay_swamp_entry_worms, grunt_megastairs_2
Lair:3:   layout_hall_layers, dummy_snake_entry, ldierk_geyser,
          lemuel_fruit_fields, grunt_megastairs_3, uniq_amaemon

Skill      XL: |  1  2  3  4  5  6  7  8  9 10 11 12 |
---------------+-------------------------------------+-----
Polearms       | 1 3 4 5 6 8 10 11 12 | 12.0
Armour         | 1 2 3 4 6 7 8 |  8.4
Stealth        | 1 2 3 4 |  4.7
Shields        | 1 2 3 4 5 6 |  6.9
Dodging        | 3 4 5 |  5.4
Fighting       | 3 4 5 6 7 |  7.3
Axes           | |  2.8
Throwing       | |  1.9

Action                   |  1- 3 |  4- 6 |  7- 9 | 10-12 || total
-------------------------+-------+-------+-------+-------++-------
Melee: War axe           |    21 |       |       |       ||    21
       Glaive            |   107 |    80 |   157 |   297 ||   641
       Kick              |       |     8 |    43 |    85 ||   136
Throw: Throwing net      |       |     2 |       |       ||     2
  Use: Scroll            |     1 |     8 |     6 |    10 ||    25
       Potion            |       |       |     1 |     6 ||     7
 Stab: Held in net/web   |       |     1 |       |       ||     1
       Distracted        |       |       |     5 |     1 ||     6
       Sleeping          |       |       |       |     1 ||     1
Armor: Leather armour    |    13 |       |       |       ||    13
       Scale mail        |    51 |    20 |    67 |   228 ||   366
       Chain mail        |    12 |    16 |       |       ||    28
Dodge: Dodged            |    94 |    48 |    52 |   163 ||   357
Block: Other             |    57 |    52 |    87 |   226 ||   422
       Reflection        |       |     1 |     8 |       ||     9

Table legend: (Time is in decaauts)
 A = Elapsed time spent in this place.
 B = Non-inter-level travel time spent in this place.
 C = Inter-level travel time spent in this place.
 D = Time resting spent in this place.
 E = Time spent auto-exploring this place.
 F = Levels seen in this place.
 G = Mean time per level.
                   A        B        C        D        E       F      G
               +--------+--------+--------+--------+--------+-----+--------+
         Total |  14799 |  14788 |     11 |   3154 |      0 |  14 | 1057.1 |
       Dungeon |  10749 |  10738 |     11 |   2086 |      0 |   9 | 1194.3 |
          Lair |   2817 |   2817 |      0 |    670 |      0 |   3 |  939.0 |
         Sewer |    153 |    153 |      0 |      4 |      0 |   1 |  153.0 |
        Bailey |   1078 |   1078 |      0 |    394 |      0 |   1 | 1078.0 |
               +--------+--------+--------+--------+--------+-----+--------+

Top non-repeatable levels by time:
     D:7: 1525 daAuts
     D:4: 1309 daAuts
  Lair:2: 1299 daAuts
     D:1: 1297 daAuts
     D:8: 1296 daAuts
     D:9: 1204 daAuts
  Bailey: 1078 daAuts
     D:3: 1066 daAuts
     D:2: 1044 daAuts
  Lair:1: 1038 daAuts
     D:6: 1028 daAuts
     D:5: 976 daAuts
  Lair:3: 479 daAuts
   Sewer: 153 daAuts
